HSSL
TEMISKAMING DISTRICT SECONDARY SCHOOL SAINTS @ MASCONOMET HS CHIEFTANS
05/20/2028
 
TOP OF THE 1ST
Temiskaming District Secondary School Saints batting - Pitching for Masconomet HS Chieftans : RHP Emerson Gibbon
Pitching: RHP Emerson Gibbon
Batting: RHB José Icaza 0-0: Foul Ball, location: 2F
0-1: Ball
1-1: Foul Ball, location: 2F
1-2: Foul Ball, location: 2F
1-2: Ball
2-2: Ball
3-2: Ground out 6-3 (Groundball, 6)
Batting: LHB Carson Dickinson 0-0: Called Strike
0-1: Ball
1-1: Ball
2-1: SINGLE (Groundball, 3D)
Batting: RHB Ramón Cabrera 0-0: Ball
1-0: Foul Ball, location: 2F
1-1: Ball
2-1: Foul Ball, location: 2F
2-2: Foul Ball, location: 2F
2-2: Fly out, F5 (Line Drive, 56)
Batting: LHB Leonardo Torres 0-0: Swinging Strike
0-1: Foul Ball, location: 2F
0-2: Ball
1-2: Fielders Choice at 2nd, 5-4 (Groundball, 5L)
Top of the 1st over - 0 run(s), 1 hit(s), 0 error(s), 0 left on base; Temiskaming District Secondary School 0 - Masconomet HS 0
BOTTOM OF THE 1ST
Masconomet HS Chieftans batting - Pitching for Temiskaming District Secondary School Saints : RHP Tony Parker
Pitching: RHP Tony Parker
Batting: RHB Josh Martin 0-0: Ground out 1-3 (Groundball, 13S)
Batting: RHB Pat Greene 0-0: Ball
1-0: Ball
2-0: Fly out, F7 (Flyball, 7)
Batting: RHB Alec Bowers 0-0: Called Strike
0-1: Called Strike
0-2: Ball
1-2: DOUBLE (Line Drive, 7LM)
Batting: RHB Kenny Canady 0-0: Called Strike
0-1: Fly out, F7 (Flyball, 7)
Bottom of the 1st over - 0 run(s), 1 hit(s), 0 error(s), 1 left on base; Temiskaming District Secondary School 0 - Masconomet HS 0
TOP OF THE 2ND
Temiskaming District Secondary School Saints batting - Pitching for Masconomet HS Chieftans : RHP Emerson Gibbon
Batting: RHB Hilton Knowles 0-0: Ball
1-0: Ground out 4-3 (Groundball, 4)
Batting: SHB Eric Silva 0-0: Called Strike
0-1: Ball
1-1: Called Strike
1-2: Ball
2-2: Ball
3-2: SINGLE (Groundball, 3S) (infield hit)
Batting: RHB Louis-Joseph Perrier 0-0: Called Strike
0-1: Called Strike
0-2: Ball
1-2: Strikes out looking
Batting: RHB Scott Roberts 0-0: Ball
1-0: Foul Ball, location: 2F
1-1: Swinging Strike
1-2: Hit by Pitch
Eric Silva to second
Batting: LHB Kevin McGee 0-0: Swinging Strike
0-1: Ball
1-1: Swinging Strike
1-2: Strikes out swinging
Top of the 2nd over - 0 run(s), 1 hit(s), 0 error(s), 2 left on base; Temiskaming District Secondary School 0 - Masconomet HS 0
BOTTOM OF THE 2ND
Masconomet HS Chieftans batting - Pitching for Temiskaming District Secondary School Saints : RHP Tony Parker
Batting: RHB Bill Salinas 0-0: Ball
1-0: Fly out, F8 (Flyball, 89M)
Batting: RHB Rob Palmer 0-0: Ball
1-0: Ball
2-0: Ball
3-0: Called Strike
3-1: Base on Balls
Batting: SHB Carl Savage 0-0: Ball
1-0: Foul Ball, location: 2F
1-1: Ball
2-1: Foul Ball, location: 2F
2-2: Foul Ball, location: 2F
2-2: SINGLE (Groundball, 34D)
Rob Palmer to second
Runner from 2nd tries for 3rd, SAFE, throw made to third
Batting: LHB José Gallardo 0-0: Called Strike
0-1: Called Strike
0-2: Strikes out swinging
Batting: RHB Jack Bowman 0-0: Foul Ball, location: 2F
0-1: Foul Ball, location: 2F
0-2: Ball
1-2: Ball
2-2: Strikes out swinging
Bottom of the 2nd over - 0 run(s), 1 hit(s), 0 error(s), 2 left on base; Temiskaming District Secondary School 0 - Masconomet HS 0
TOP OF THE 3RD
Temiskaming District Secondary School Saints batting - Pitching for Masconomet HS Chieftans : RHP Emerson Gibbon
Batting: RHB José Icaza 0-0: Ball
1-0: Foul Ball, location: 2F
1-1: Foul Ball, location: 2F
1-2: Ball
2-2: Strikes out swinging
Batting: LHB Carson Dickinson 0-0: Foul Ball, location: 2F
0-1: Fly out, F6 (Popup, 56D)
Batting: RHB Ramón Cabrera 0-0: Ball
1-0: Called Strike
1-1: Swinging Strike
1-2: Ball
2-2: SOLO HOME RUN (Line Drive, 8RXD), Distance : 453 ft
Batting: LHB Leonardo Torres 0-0: Called Strike
0-1: Ball
1-1: Ball
2-1: Ball
3-1: Base on Balls
Batting: RHB Hilton Knowles 0-0: Ball
1-0: Fly out, F7 (Flyball, 7)
Top of the 3rd over - 1 run(s), 1 hit(s), 0 error(s), 1 left on base; Temiskaming District Secondary School 1 - Masconomet HS 0
BOTTOM OF THE 3RD
Masconomet HS Chieftans batting - Pitching for Temiskaming District Secondary School Saints : RHP Tony Parker
Batting: RHB Josh Martin 0-0: Ball
1-0: Foul Ball, location: 2F
1-1: Foul Ball, location: 2F
1-2: Foul Ball, location: 2F
1-2: SINGLE (Line Drive, 89S)
Batting: RHB Pat Greene 0-0: Called Strike
0-1: Swinging Strike
0-2: Hit by Pitch
Josh Martin to second
Batting: RHB Alec Bowers 0-0: Foul Ball, location: 2F
0-1: Ball
1-1: Fly out, F9 (Flyball, 9S)
Batting: RHB Kenny Canady 0-0: Called Strike
0-1: Ball
1-1: Ball
2-1: Ball
3-1: Called Strike
3-2: Fielders Choice at 2nd, 5-4 (Groundball, 56)
Josh Martin to third
Batting: RHB Bill Salinas 0-0: Fly out, F8 (Flyball, 8RS)
Bottom of the 3rd over - 0 run(s), 1 hit(s), 0 error(s), 2 left on base; Temiskaming District Secondary School 1 - Masconomet HS 0
TOP OF THE 4TH
Temiskaming District Secondary School Saints batting - Pitching for Masconomet HS Chieftans : RHP Emerson Gibbon
Batting: SHB Eric Silva 0-0: Called Strike
0-1: Foul Ball, location: 2F
0-2: Foul Ball, location: 2F
0-2: Ball
1-2: Ball
2-2: Strikes out swinging
Batting: RHB Louis-Joseph Perrier 0-0: Fly out, F9 (Flyball, 9S)
Batting: RHB Scott Roberts 0-0: Ground out 6-3 (Groundball, 6)
Top of the 4th over - 0 run(s), 0 hit(s), 0 error(s), 0 left on base; Temiskaming District Secondary School 1 - Masconomet HS 0
BOTTOM OF THE 4TH
Masconomet HS Chieftans batting - Pitching for Temiskaming District Secondary School Saints : RHP Tony Parker
Batting: RHB Rob Palmer 0-0: Ground out 6-3 (Groundball, 56)
Batting: SHB Carl Savage 0-0: Called Strike
0-1: Ball
1-1: Fly out, F4 (Popup, 4)
Batting: LHB José Gallardo 0-0: SINGLE (Groundball, 34D)
Batting: RHB Jack Bowman 0-0: Ball
1-0: Called Strike
1-1: Ball
2-1: Foul Ball, location: 2F
2-2: Foul Ball, location: 2F
2-2: Foul Ball, location: 2F
2-2: Ball
Wild Pitch!
José Gallardo to second
3-2: Fly out, F7 (Flyball, 7S)
Bottom of the 4th over - 0 run(s), 1 hit(s), 0 error(s), 1 left on base; Temiskaming District Secondary School 1 - Masconomet HS 0
TOP OF THE 5TH
Temiskaming District Secondary School Saints batting - Pitching for Masconomet HS Chieftans : RHP Emerson Gibbon
Batting: LHB Kevin McGee 0-0: Ball
1-0: Called Strike
1-1: Ball
2-1: Called Strike
2-2: Ball
3-2: Ground out 6-3 (Groundball, 6S)
Batting: RHB José Icaza 0-0: Foul Ball, location: 2F
0-1: Swinging Strike
0-2: Foul Ball, location: 2F
0-2: Foul Ball, location: 2F
0-2: Ground out 6-3 (Groundball, 56)
Batting: LHB Carson Dickinson 0-0: Called Strike
0-1: Ball
1-1: Called Strike
1-2: Ball
2-2: Ball
3-2: Strikes out swinging
Top of the 5th over - 0 run(s), 0 hit(s), 0 error(s), 0 left on base; Temiskaming District Secondary School 1 - Masconomet HS 0
BOTTOM OF THE 5TH
Masconomet HS Chieftans batting - Pitching for Temiskaming District Secondary School Saints : RHP Tony Parker
Batting: RHB Josh Martin 0-0: Ball
1-0: Foul Ball, location: 2F
1-1: Ball
2-1: Foul Ball, location: 2F
2-2: Foul Ball, location: 2F
2-2: Foul Ball, location: 2F
2-2: Ground out 3-1 (Groundball, 34S)
Batting: RHB Pat Greene 0-0: Ground out 5-3 (Groundball, 56S)
Batting: RHB Alec Bowers 0-0: Ball
1-0: Ball
2-0: Swinging Strike
2-1: Foul Ball, location: 2F
2-2: Foul Ball, location: 2F
2-2: Foul Ball, location: 2F
2-2: Strikes out swinging
Bottom of the 5th over - 0 run(s), 0 hit(s), 0 error(s), 0 left on base; Temiskaming District Secondary School 1 - Masconomet HS 0
TOP OF THE 6TH
Temiskaming District Secondary School Saints batting - Pitching for Masconomet HS Chieftans : RHP Emerson Gibbon
Pitching: LHP Henry Alemán
Batting: RHB Ramón Cabrera 0-0: Ball
1-0: Foul Ball, location: 2F
1-1: Called Strike
1-2: Strikes out looking
Batting: LHB Leonardo Torres 0-0: Called Strike
0-1: Ball
1-1: Ball
2-1: Foul Ball, location: 2F
2-2: Foul Ball, location: 2F
2-2: Ground out 6-3 (Groundball, 6)
Batting: RHB Hilton Knowles 0-0: Ball
1-0: Ball
2-0: SINGLE (Line Drive, 8RM)
Batting: SHB Eric Silva 0-0: Called Strike
0-1: Foul Ball, location: 2F
0-2: Ball
1-2: Ball
2-2: Strikes out looking
Top of the 6th over - 0 run(s), 1 hit(s), 0 error(s), 1 left on base; Temiskaming District Secondary School 1 - Masconomet HS 0
BOTTOM OF THE 6TH
Masconomet HS Chieftans batting - Pitching for Temiskaming District Secondary School Saints : RHP Tony Parker
Batting: RHB Kenny Canady 0-0: Foul Ball, location: 2F
0-1: Ball
1-1: Foul Ball, location: 2F
1-2: Ball
2-2: Foul Ball, location: 2F
2-2: Ball
3-2: Strikes out swinging
Pitching: LHP Jaime Meléndez
Batting: RHB Bill Salinas 0-0: Swinging Strike
0-1: Foul Ball, location: 2F
0-2: Ball
1-2: Ball
2-2: Ball
3-2: Foul Ball, location: 2F
3-2: Foul Ball, location: 2F
3-2: Fly out, F8 (Flyball, 8LS)
Batting: RHB Rob Palmer 0-0: Ball
1-0: Called Strike
1-1: Fly out, F8 (Flyball, 8LM)
Bottom of the 6th over - 0 run(s), 0 hit(s), 0 error(s), 0 left on base; Temiskaming District Secondary School 1 - Masconomet HS 0
TOP OF THE 7TH
Temiskaming District Secondary School Saints batting - Pitching for Masconomet HS Chieftans : LHP Henry Alemán
Batting: RHB Louis-Joseph Perrier 0-0: Foul Ball, location: 2F
0-1: Foul Ball, location: 2F
0-2: TRIPLE (Flyball, 7LM)
Batting: RHB Scott Roberts 0-0: Ball
1-0: Swinging Strike
1-1: Ground out 4-3 (Groundball, 4)
Batting: LHB Kevin McGee 0-0: Foul Ball, location: 2F
0-1: Swinging Strike
0-2: Strikes out looking
Batting: RHB José Icaza 0-0: Foul Ball, location: 2F
0-1: Foul Ball, location: 2F
0-2: Ball
1-2: Ball
2-2: Ground out 6-3 (Groundball, 56)
Top of the 7th over - 0 run(s), 1 hit(s), 0 error(s), 1 left on base; Temiskaming District Secondary School 1 - Masconomet HS 0
BOTTOM OF THE 7TH
Masconomet HS Chieftans batting - Pitching for Temiskaming District Secondary School Saints : LHP Jaime Meléndez
Batting: SHB Carl Savage 0-0: DOUBLE (Groundball, 5L)
Batting: LHB José Gallardo 0-0: Ball
1-0: Ground out 3-1 (Groundball, 34)
Carl Savage to third
Batting: RHB Jack Bowman 0-0: Ball
1-0: Swinging Strike
1-1: Foul Ball, location: 2F
1-2: Ball
2-2: Ball
3-2: Base on Balls
Batting: RHB Josh Martin 0-0: Called Strike
0-1: Ball
1-1: Ball
2-1: Foul Ball, location: 2F
2-2: Fly out, F8 (Flyball, 8LS)
Batting: RHB Pat Greene 0-0: Ground out 6-3 (Groundball, 6S)
Bottom of the 7th over - 0 run(s), 1 hit(s), 0 error(s), 2 left on base; Temiskaming District Secondary School 1 - Masconomet HS 0
TOP OF THE 8TH
Temiskaming District Secondary School Saints batting - Pitching for Masconomet HS Chieftans : LHP Henry Alemán
Batting: LHB Carson Dickinson 0-0: SINGLE (Groundball, 34D)
Batting: RHB Ramón Cabrera 0-0: Foul Ball, location: 2F
0-1: Ball
1-1: Called Strike
1-2: Ball
2-2: Ball
3-2: Strikes out swinging
Batting: LHB Leonardo Torres 0-0: Ball
1-0: Grounds into double play, 4-6-3 (Groundball, 4)
Top of the 8th over - 0 run(s), 1 hit(s), 0 error(s), 0 left on base; Temiskaming District Secondary School 1 - Masconomet HS 0
BOTTOM OF THE 8TH
Masconomet HS Chieftans batting - Pitching for Temiskaming District Secondary School Saints : LHP Jaime Meléndez
Pitching: RHP Chris King
Now in LF: Glenn Hansen
Batting: RHB Alec Bowers 0-0: Called Strike
0-1: Ball
1-1: Called Strike
1-2: Ball
2-2: Ball
3-2: Base on Balls
Batting: RHB Kenny Canady 0-0: Ball
1-0: Ball
2-0: Fielders Choice at 2nd, 6-4 (Groundball, 6)
Batting: RHB Bill Salinas 0-0: SINGLE (Groundball, 6MD)
Kenny Canady to second
Throwing error, E8
Kenny Canady scores
Bill Salinas to second
Batting: RHB Rob Palmer 0-0: Called Strike
0-1: Ball
1-1: SINGLE (Groundball, 34D)
Bill Salinas to third
Batting: SHB Carl Savage 0-0: Ball
1-0: Called Strike
1-1: Fly out, F2 (Popup, 25)
Pitching: LHP Ken Byrd
Batting: LHB José Gallardo 0-0: Called Strike
0-1: Foul Ball, location: 2F
0-2: Foul Ball, location: 2F
0-2: Ball
1-2: Ball
2-2: Ball
3-2: Fly out, F9 (Flyball, 9D)
Bottom of the 8th over - 1 run(s), 2 hit(s), 1 error(s), 2 left on base; Temiskaming District Secondary School 1 - Masconomet HS 1
TOP OF THE 9TH
Temiskaming District Secondary School Saints batting - Pitching for Masconomet HS Chieftans : LHP Henry Alemán
Pitching: RHP Rob White
Batting: RHB Hilton Knowles 0-0: Swinging Strike
0-1: Foul Ball, location: 2F
0-2: SINGLE (Groundball, 56D)
Batting: SHB Eric Silva 0-0: Ball
1-0: Ball
2-0: Ball
3-0: Foul Ball, location: 2F
3-1: Swinging Strike
3-2: Strikes out swinging
Batting: RHB Louis-Joseph Perrier 0-0: Ball
1-0: Swinging Strike
1-1: Foul Ball, location: 2F
1-2: Ball
2-2: Foul Ball, location: 2F
2-2: Ball
3-2: Strikes out swinging
Hilton Knowles steals 2nd base
Batter strikes out.
Batting: RHB Scott Roberts 0-0: Ground out 5-3 (Groundball, 56S)
Top of the 9th over - 0 run(s), 1 hit(s), 0 error(s), 1 left on base; Temiskaming District Secondary School 1 - Masconomet HS 1
BOTTOM OF THE 9TH
Masconomet HS Chieftans batting - Pitching for Temiskaming District Secondary School Saints : LHP Ken Byrd
Pitching: RHP Tracy Ferguson
Pinch Hitting: SHB Vicente Ramírez 0-0: Called Strike
0-1: Foul Ball, location: 2F
0-2: Ball
1-2: Ball
2-2: DOUBLE (Groundball, 3L)
Batting: RHB Josh Martin 0-0: Ball
1-0: Ball
2-0: Ball
3-0: Base on Balls
Batting: RHB Pat Greene 0-0: Ball
1-0: Ball
2-0: Sac Bunt - play at first, batter OUT! 1-4
Vicente Ramírez to third
Josh Martin to second
Batting: RHB Alec Bowers 0-0: Intentional Walk
Batting: RHB Kenny Canady 0-0: Ball
1-0: Called Strike
1-1: Swinging Strike
1-2: Ball
2-2: Strikes out swinging
Batting: RHB Bill Salinas 0-0: Ball
1-0: Ball
2-0: Ball
3-0: Called Strike
3-1: Foul Ball, location: 2F
3-2: Foul Ball, location: 2F
3-2: Fly out, F1 (Line Drive, 13)
Bottom of the 9th over - 0 run(s), 1 hit(s), 0 error(s), 3 left on base; Temiskaming District Secondary School 1 - Masconomet HS 1
TOP OF THE 10TH
Temiskaming District Secondary School Saints batting - Pitching for Masconomet HS Chieftans : RHP Rob White
Now at C: Vicente Ramírez
Batting: LHB Kevin McGee 0-0: Ball
1-0: Ball
2-0: Fly out, F9 (Flyball, 9)
Batting: RHB José Icaza 0-0: Foul Ball, location: 2F
0-1: Foul Ball, location: 2F
0-2: Ball
1-2: Foul Ball, location: 2F
1-2: Ball
2-2: Ball
3-2: Fly out, F7 (Flyball, 78M)
Batting: LHB Carson Dickinson 0-0: Called Strike
0-1: Ball
1-1: Foul Ball, location: 2F
1-2: Fly out, F9 (Line Drive, 9S)
Top of the 10th over - 0 run(s), 0 hit(s), 0 error(s), 0 left on base; Temiskaming District Secondary School 1 - Masconomet HS 1
BOTTOM OF THE 10TH
Masconomet HS Chieftans batting - Pitching for Temiskaming District Secondary School Saints : RHP Tracy Ferguson
Batting: RHB Rob Palmer 0-0: Ball
1-0: Ball
2-0: Ball
3-0: Called Strike
3-1: Fly out, F7 (Line Drive, 7)
Batting: SHB Carl Savage 0-0: Ball
1-0: Called Strike
1-1: Swinging Strike
1-2: Strikes out swinging
Batting: LHB José Gallardo 0-0: Called Strike
0-1: Ball
1-1: Ground out 1-3 (Groundball, 13S)
Bottom of the 10th over - 0 run(s), 0 hit(s), 0 error(s), 0 left on base; Temiskaming District Secondary School 1 - Masconomet HS 1
TOP OF THE 11TH
Temiskaming District Secondary School Saints batting - Pitching for Masconomet HS Chieftans : RHP Rob White
Pitching: RHP Foster Gray
Batting: RHB Ramón Cabrera 0-0: Ball
1-0: Swinging Strike
1-1: DOUBLE (Line Drive, 9)
Batting: RHB Glenn Hansen 0-0: Ground out 6-3 (Groundball, 6)
Batting: RHB Hilton Knowles 0-0: Intentional Walk
Batting: SHB Eric Silva 0-0: Swinging Strike
0-1: Ball
1-1: Ball
2-1: Ball
3-1: Called Strike
3-2: Foul Ball, location: 2F
3-2: Strikes out swinging
Batting: RHB Louis-Joseph Perrier 0-0: Called Strike
0-1: Ball
1-1: Ground out 4-3 (Groundball, 34)
Top of the 11th over - 0 run(s), 1 hit(s), 0 error(s), 2 left on base; Temiskaming District Secondary School 1 - Masconomet HS 1
BOTTOM OF THE 11TH
Masconomet HS Chieftans batting - Pitching for Temiskaming District Secondary School Saints : RHP Tracy Ferguson
Pitching: LHP Maurice Chappell
Batting: SHB Vicente Ramírez 0-0: Ball
1-0: Foul Ball, location: 2F
1-1: DOUBLE (Flyball, 78M)
Batting: RHB Josh Martin 0-0: Ball
1-0: Ball
2-0: Swinging Strike
2-1: Ball
3-1: Swinging Strike
3-2: SINGLE (Groundball, 34D)
Vicente Ramírez to third
Runner from 3rd tries for Home, SAFE, throw made home
Tuesday, August 8th, 2017 - OOTP Baseball 17.12 Build 75